 Dungeon Crawl Stone Soup version 0.23-a0-164-g7711e57 (webtiles) character file.

161 grindst0ne the Shooter (level 5, -2/44 HPs)
             Began as a Centaur Hunter on Sept 10, 2018.
             Slain by a mummy (11 damage)
             ... in an ossuary.
             The game lasted 00:04:58 (3078 turns).

grindst0ne the Shooter (Centaur Hunter)             Turns: 3078, Time: 00:04:59

Health: -2/44      AC:  5    Str: 15    XL:     5   Next: 19%
Magic:  0/5        EV: 10    Int: 10    God:
Gold:   99         SH:  0    Dex: 10    Spells: 4/4 levels left

rFire    . . .     SeeInvis .   b - +0 short sword
rCold    + . .     Gourm    .   (no shield)
rNeg     + . .     Faith    .   i - -1 leather armour (curse)
rPois    .         Spirit   +   k - +2 hat
rElec    .         Reflect  .   (no cloak)
rCorr    .         Harm     .   (no gloves)
MR       .....                  (no barding)
Stlth    +.........             x - amulet of guardian spirit
HPRegen  0.14/turn              e - ring of positive energy
MPRegen  0.09/turn              s - ring of protection from cold

@: very quick
A: large, hooves 3, deformed body, speed 2, tough skin 3
a: no special abilities


You were in an ossuary.
You were not hungry.

You visited 1 branch of the dungeon, and saw 4 of its levels.
You also visited: Ossuary.

You collected 99 gold pieces.

Inventory:

Hand Weapons
 a - a +1 shortbow
 b - a +0 short sword (weapon)
Missiles
 d - 47 arrows
Armour
 c - a +0 leather armour
 i - a cursed -1 leather armour (worn)
 k - a +2 hat (worn)
Jewellery
 e - a ring of positive energy (left hand)
 s - a ring of protection from cold (right hand)
 x - an amulet of guardian spirit (around neck)
Scrolls
 l - 3 scrolls of amnesia {unknown}
 n - a scroll of enchant armour {unknown}
 o - a scroll of noise {unknown}
 q - 2 scrolls of identify {unknown}
 t - a scroll of fog {unknown}
 u - a scroll of teleportation
 v - a scroll of random uselessness {unknown}
 y - a scroll of immolation {unknown}
Potions
 p - a potion of flight
 r - a potion of curing
Comestibles
 f - 5 rations


   Skills:
 + Level 2.8 Fighting
 + Level 6.0 Bows
 * Level 2.5 Dodging
 * Level 1.9 Stealth


You had 4 spell levels left.
You didn't know any spells.
Your spell library was empty.

Dungeon Overview and Level Annotations

Branches:
Dungeon (4/15)
 Temple: D:4-7

Altars:


Innate Abilities, Weirdness & Mutations

You have hooves in place of feet.
Armour fits poorly on your strangely shaped body.
You cover ground very quickly.
You have extremely tough skin. (AC +3)


Message History

It was a potion of cancellation.
Your magical effects are unravelling.
You feel magically purged.
You feel less wooden.
Your +2 hat unmelds from your body.
Your cursed -1 leather armour unmelds from your body.
You feel yourself slow down. The mummy barely misses you.
All of the chunks of flesh in your inventory have rotted away.
You hit the mummy. Your kick misses the mummy.
The mummy is severely damaged.
The hobgoblin zombie closely misses you.
The mummy hits you!
* * * LOW HITPOINT WARNING * * *
You closely miss the mummy.
The mummy is severely damaged.
The mummy closely misses you. The hobgoblin zombie hits you.
* * * LOW HITPOINT WARNING * * *
The mummy hits you!
You die...

#....#
#....#
#....#
#....#
#....#
#...Z#
#..ZM#
#.ZZM#
#.ZM@#
######


You could see 3 mummies, 2 hobgoblin zombies, a big kobold zombie and 2 orc
zombies.

Vanquished Creatures
  A scorpion (D:4)
  A mummy (Ossuary)
  2 adders (D:2)
  An ooze (D:3)
  An adder skeleton (D:3)
  2 worms
  2 dart slugs
  A leopard gecko (D:2)
  4 orcs (D:3)
  A giant cockroach (D:3)
  7 goblins
  9 hobgoblins
  3 jackals (D:1)
  5 kobolds
  A quokka (D:3)
  A ball python (D:2)
  7 bats
  3 frilled lizards
  A hobgoblin zombie (Ossuary)
  2 orc zombies (Ossuary)
  7 rats
62 creatures vanquished.

Notes
Turn   | Place    | Note
-------+----------+-------------------------------------------
     0 | D:1      | grindst0ne the Centaur Hunter began the quest for the Orb.
     0 | D:1      | Reached XP level 1. HP: 17/17 MP: 1/1
   543 | D:1      | Reached XP level 2. HP: 15/24 MP: 2/2
   797 | D:1      | Reached skill level 1 in Stealth
  1336 | D:2      | Reached XP level 3. HP: 20/29 MP: 3/3
  2256 | D:3      | Reached XP level 4. HP: 34/37 MP: 4/4
  2968 | D:4      | Reached XP level 5. HP: 35/42 MP: 5/5
  2984 | D:4      | Found a sand-covered staircase.
  2988 | Ossuary  | Entered an ossuary
  3033 | Ossuary  | Reached skill level 6 in Bows
  3078 | Ossuary  | Slain by a mummy

Vault maps used:
D:1:      dpeg_arrival_circle_labyrinth_c, serial_bayou_lagoon_a,
          columned_hall_lemuel, minmay_misc_feat_chi
D:3:      serial_glass, glass_columns_c, glass_columns_a, item_on_display_a,
          feat_on_display, feat_on_display, grunt_ministairs_9
D:4:      serial_shops, shop, lightli_ossuary_entry_decrepit_ruins
Ossuary:  ossuary_tomb_3

Skill      XL: |  1  2  3  4  5 |
---------------+----------------+-----
Stealth        | 1 |  1.9
Dodging        | 2 |  2.5
Bows           | 6 |  6.0
Fighting       | |  2.8

Action                   |  1- 3 |  4- 6 || total
-------------------------+-------+-------++-------
Melee: Short sword       |   128 |    89 ||   217
       Kick              |    21 |    14 ||    35
 Fire: Shortbow          |     5 |       ||     5
  Use: Scroll            |     1 |       ||     1
       Potion            |       |     7 ||     7
  Eat: Chunk             |     3 |     2 ||     5
Armor: Leather armour    |    71 |    12 ||    83
       Skin              |       |    34 ||    34
Dodge: Dodged            |    78 |    30 ||   108

Table legend:
 A = Non-vault XP
 B = Vault XP
 C = Vault XP percentage of total XP
 D = Non-vault monster count
 E = Vault monster count
 F = Vault count percentage of total count
                 A         B        C        D         E       F
            +---------+---------+-------+---------+---------+-------
      Total |     199 |      32 |  13.9 |      54 |       8 |  12.9
            +---------+---------+-------+---------+---------+-------
        D:1 |      40 |       0 |   0.0 |      22 |       0 |   0.0
        D:2 |      51 |       0 |   0.0 |      15 |       0 |   0.0
        D:3 |      41 |      11 |  21.2 |      16 |       4 |  20.0
        D:4 |      67 |       0 |   0.0 |       1 |       0 |   0.0
    Ossuary |       0 |      21 | 100.0 |       0 |       4 | 100.0
            +---------+---------+-------+---------+---------+-------
